 Dungeon Crawl Stone Soup version 0.31-a0-236-g9a0961fb85 (webtiles) character file.

Game seed: 6454183525622865265

180 qw the Shooter (level 5, 0/30 HPs)
             Began as a Gargoyle Hexslinger on July 10, 2023.
             Slain by Pikel
             ... wielding a +2 whip of flaming
              (1 damage)
             ... on level 4 of the Dungeon.
             The game lasted 00:01:04 (2663 turns).

qw the Shooter (Gargoyle Hexslinger)                Turns: 2663, Time: 00:01:04

Health: 0/30       AC: 12    Str: 12    XL:     5   Next: 60%
Magic:  6/6        EV: 10    Int: 13    God:
Gold:   238        SH:  0    Dex: 14    Spells: 5/6 levels left

rFire   . . .        Y - +1 sling
rCold   . . .        (no shield)
rNeg    + . .        f - +0 ring mail
rPois   inf          i - +0 helmet
rElec   +            (no cloak)
rCorr   .            d - +0 pair of gloves
SInv    .            j - +0 pair of boots
Will    .....        (no amulet)
Stlth   +            (no ring)
HPRegen 0.25/turn    (no ring)
MPRegen 0.10/turn

%: no passive effects
@: no status effects
A: sickness immunity, AC +4, negative energy resistance 1, electricity
resistance, torment resistance 1, petrification resistance
a: no special abilities


You were on level 4 of the Dungeon.
You visited 1 branch of the dungeon, and saw 5 of its levels.

You collected 238 gold pieces.


Innate Abilities, Weirdness & Mutations

You are immune to sickness and miasma.
Your stone body is resilient. (AC +4)
You are immune to poison.
You resist negative energy. (rN+)
You are resistant to electric shocks. (rElec)
You are resistant to unholy torment.
You are immune to petrification.


   Skills:
 + Level 2.2 Fighting
 - Level 5.1 Ranged Weapons
 - Level 1.0 Armour
 - Level 1.5 Dodging
 - Level 1.0 Spellcasting
 - Level 2.6 Hexes


You had 5 spell levels left.
You knew the following spells:

 Your Spells              Type           Power      Damage    Failure   Level
a - Slow                  Hex            28%        N/A       22%         1

Your spell library contained the following spells:

 Spells                   Type           Power      Damage    Failure   Level
 Inner Flame              Hex/Fire       4%         N/A       73%         3
 Portal Projectile        Hex/Tloc       8%         N/A       73%         3
 Cause Fear               Hex            3%         N/A       91%         4

Inventory:

Hand Weapons
 Y - a +1 sling (weapon)
Armour
 d - a +0 pair of gloves (worn)
 f - a +0 ring mail (worn)
 i - a +0 helmet (worn)
 j - a +0 pair of boots (worn)
Scrolls
 b - a scroll of identify
 m - 2 scrolls of teleportation
Potions
 a - a potion of curing
 c - a potion of brilliance {unknown}
 e - a potion of invisibility {unknown}
 g - a potion of enlightenment
 h - a potion of mutation {unknown}
 k - a potion of degeneration {unknown}
 l - a potion of might

Dungeon Overview and Level Annotations

Branches:
Dungeon (5/15)
 Temple: D:4-7

Altars:
Qazlal
Sif Muna
Uskayaw

Shops:
D:3 (

Annotations:
D:4 Pikel
D:5 Sigmund


Message History

You shoot a sling bullet.
The sling bullet barely misses the lemure.
The sling bullet hits the lemure.
The lemure is lightly wounded.
The scorpion closely misses you.
You shoot a sling bullet. The sling bullet hits the lemure.
The lemure is moderately wounded.
Sigmund the Dreaded comes into view.
He is wielding a +0 scythe and wearing a +2 robe of willpower.
The scorpion barely misses you.
You shoot a sling bullet.
The sling bullet closely misses the lemure.
Sigmund shouts!
The lemure hits you but does no damage.
The scorpion stings you but does no damage.
The lemure hits you. The scorpion stings you.
2658 ||| STAIRDANCE The scorpion stings you but does no damage.
The lemure hits you but does no damage.
Pikel hits you with a +2 whip of flaming!
Pikel burns you.
You climb upwards.
There is a stone staircase leading down here.
You shoot a sling bullet. The sling bullet misses the lemure.
The scorpion stings you but does no damage.
Pikel barely misses you. The lemure hits you but does no damage.
You shoot a sling bullet.
The sling bullet barely misses the lemure.
The scorpion completely misses you. Pikel hits you but does no damage.
The lemure hits you.
The scorpion stings you but does no damage.
You shoot a sling bullet. The sling bullet hits the lemure.
The lemure is moderately wounded.
Pikel hits you but does no damage. The lemure hits you.
The scorpion completely misses you.
You shoot a sling bullet. The sling bullet hits the lemure.
The lemure is moderately wounded.
The scorpion stings you. The lemure barely misses you.
Pikel hits you with a +2 whip of flaming.
Pikel burns you.
You die...

..)..............##.##...........
#.#.#............#...#...........
#.#.######....#.###.##...........
....# #....#.# #.#............
#.### #....#.# #.#...%........
#.# #....#># #.#..).....#### #.#
##......# #.#..#..#..####
..#######.....#####..............
#.........#..##K@s.....####..####
#.#####.#......5####.........####
#.##...###.###..####.######......
#.##.##.#.........##.# #######
#........#...#..#.##.##
#.##.##.##.#.#........#
#.##.##.##.....######.#
#.##..#.####.### ####)####
#.###.#.####.#####.......#


You could see Pikel, a lemure and a scorpion.

Vanquished Creatures
  A hound (D:4)
  A jelly (D:4)
  A sleepcap (D:4)
  3 adders
  A worm (D:2)
  A dart slug (D:3)
  7 ball pythons
  3 bats
  5 endoplasms
  9 goblins
  7 hobgoblins
  6 jackals
  3 quokkas
  2 frilled lizards (D:1)
  5 kobolds
  A rat (D:1)
56 creatures vanquished.

Notes
Turn   | Place    | Note
-------+----------+-------------------------------------------
     0 | D:1      | qw the Gargoyle Hexslinger began the quest for the Orb.
     0 | D:1      | Reached XP level 1. HP: 12/12 MP: 2/2
     0 | D:1      | 0 ||| qw: Version: 0.3-a-52-g30416fa
     0 | D:1      | 0 ||| qw: Game counter: 4608
     0 | D:1      | 0 ||| qw: Melee chars always use a shield: true
     0 | D:1      | 0 ||| qw: God list: Okawaru
     0 | D:1      | 0 ||| qw: Allow faded altars: false
     0 | D:1      | 0 ||| qw: Do Orc after clearing Dungeon:15 true
     0 | D:1      | 0 ||| qw: Do second Lair branch before Depths: true
     0 | D:1      | 0 ||| qw: Lair rune preference: random
     0 | D:1      | 0 ||| qw: Goals: Normal
     0 | D:1      | 0 ||| PLANNING D:1-11
    95 | D:1      | Reached XP level 2. HP: 11/16 MP: 3/3
   199 | D:1      | Reached skill level 3 in Ranged Weapons
   643 | D:1      | 643 ||| UPGRADING to +0 pair of gloves.
   648 | D:1      | 648 ||| UPGRADING to +0 ring mail.
   658 | D:1      | 658 ||| DROPPING +0 robe.
   659 | D:1      | 659 ||| READING scroll labelled UPEDEEV DAFOSA.
   660 | D:1      | 660 ||| READING scroll labelled ZALUYJ ESOOXA.
   661 | D:1      | 661 ||| READING scroll labelled SEVVYI GOIDGH.
   662 | D:1      | 662 ||| READING scroll labelled FADA SALUSIU.
   663 | D:1      | 663 ||| DRINKING 2 murky blue potions.
   664 | D:1      | 664 ||| DROPPING scroll of poison.
   665 | D:1      | 665 ||| DROPPING potion of magic.
   694 | D:2      | Found a shimmering blue altar of Sif Muna.
   711 | D:2      | Reached XP level 3. HP: 21/21 MP: 4/4
   974 | D:2      | Reached skill level 1 in Armour
  1232 | D:2      | 1232 ||| UPGRADING to +0 helmet.
  1237 | D:2      | 1237 ||| UPGRADING to +0 pair of boots.
  1242 | D:2      | 1242 ||| READING scroll labelled OTOQAA WIXY.
  1243 | D:2      | 1243 ||| READING scroll labelled UHAIRCH HYPLE.
  1248 | D:2      | 1248 ||| READING scroll labelled WORIJAWNAY.
  1378 | D:3      | Reached XP level 4. HP: 26/26 MP: 5/5
  1736 | D:3      | Found Deotz's Weapon Shop.
  1740 | D:3      | 1740 ||| SHOPLISTING +1 sling of Sharkskin {elec, rElec rF+
                  | Str+3} (432 gold, have 172).
  1814 | D:3      | Found a faded altar of an unknown god.
  1927 | D:3      | 1927 ||| DRINKING 2 brown potions.
  1928 | D:3      | 1928 ||| DRINKING 2 dark potions.
  1986 | D:4      | Reached skill level 4 in Ranged Weapons
  2002 | D:4      | 2002 ||| FLEEEEING.
  2116 | D:4      | Found a hide-covered altar of Uskayaw.
  2188 | D:4      | Reached XP level 5. HP: 30/30 MP: 6/6
  2216 | D:4      | Reached skill level 5 in Ranged Weapons
  2478 | D:4      | Found a stormy altar of Qazlal.
  2481 | D:4      | Noticed a water elemental
  2481 | D:4      | Noticed a fire elemental
  2482 | D:4      | Noticed an air elemental
  2621 | D:4      | 2621 ||| READING 2 scrolls of identify.
  2621 | D:4      | 2621 ||| IDENTIFYING murky golden potion
  2653 | D:5      | Entered Level 5 of the Dungeon
  2653 | D:5      | Noticed Pikel
  2653 | D:5      | Noticed a lemure
  2653 | D:5      | Noticed a lemure
  2653 | D:5      | Noticed a lemure
  2654 | D:5      | Noticed a lemure
  2656 | D:5      | Noticed Sigmund
  2658 | D:5      | 2658 ||| STAIRDANCE
  2663 | D:4      | HP: 6/30 [scorpion (3)]
  2663 | D:4      | HP: 1/30 [Pikel/+2 whip of flaming (5)]
  2663 | D:4      | Slain by Pikel

Levels and vault maps discovered:
D:1:      lightli_arrival_statue_moat, layout_basic
D:2:      layout_rooms, basic_altar, minmay_stone_trees_small,
          grunt_ministairs_5
D:3:      layout_basic, serial_shops, nicolae_shop_pleasant_corner_grove,
          serial_forest, infiniplex_forest_clump_tiny,
          infiniplex_forest_straight_3, infiniplex_forest_zigzag_2,
          infiniplex_forest_end_2, infiniplex_forest_straight_4,
          infiniplex_forest_clump_diagonal, infiniplex_forest_join,
          infiniplex_forest_zigzag_1, shapermc_ecumenical_altar_petra,
          kennysheep_flooded_box
D:4:      minmay_spotlight, layout_loops_cross,
          mainiacjoe_overflow_concentric_impassable,
          nicolae_qazlal_style_of_elements
D:5:      layout_cave_pools, bloody_makhleb, serial_shops,
          nicolae_shop_statue_plus, kennysheep_generic_room_13, uniq_duvessa,
          uniq_sigmund, uniq_pikel

Skill      XL: |  1  2  3  4  5 |
---------------+----------------+-----
Ranged Weapons | 3 4 5 |  5.1
Fighting       | 2 |  2.2
Armour         | 1 |  1.0
Dodging        | |  1.5
Spellcasting   | |  1.0
Hexes          | |  2.6

Action                     |  1- 3 |  4- 6 || total
---------------------------+-------+-------++-------
   Fire: Sling             |   119 |    96 ||   215
    Use: Scroll            |     7 |     1 ||     8
         Potion            |     1 |     2 ||     3
 Armour: Robe              |     7 |       ||     7
         Ring mail         |    16 |    42 ||    58
  Dodge: Dodged            |    50 |    31 ||    81

Table legend:
 A = Non-vault XP
 B = Vault XP
 C = Vault XP percentage of total XP
 D = Non-vault monster count
 E = Vault monster count
 F = Vault count percentage of total count
                 A         B        C        D         E       F
            +---------+---------+-------+---------+---------+-------
      Total |     214 |      44 |  17.1 |      52 |       4 |   7.1
            +---------+---------+-------+---------+---------+-------
        D:1 |      31 |       0 |   0.0 |      18 |       0 |   0.0
        D:2 |      41 |       4 |   8.9 |      14 |       2 |  12.5
        D:3 |      23 |       0 |   0.0 |       5 |       0 |   0.0
        D:4 |     119 |      40 |  25.2 |      15 |       2 |  11.8
            +---------+---------+-------+---------+---------+-------
